 Dungeon Crawl Stone Soup version 0.28.0-53-g5a82cb258f (webtiles) character file.

Game seed: 15010746185333243484

142 DemonSlayer the Firebug (level 5, 0/36 HPs)
             Began as a Demonspawn Fire Elementalist on Aug 18, 2022.
             Slain by a mummy (16 damage)
             ... on level 5 of the Dungeon.
             The game lasted 00:09:52 (3593 turns).

DemonSlayer the Firebug (DsFE)                      Turns: 3593, Time: 00:09:52

Health: 0/36       AC:  2    Str:  7 (8)  XL:     5   Next: 4%
Magic:  5/8        EV: 12    Int: 18 (19) God:
Gold:   150        SH:  8    Dex: 18 (19) Spells: 4/9 levels left

rFire   . . .      SeeInvis .   e - +0 dagger (freeze)
rCold   . . .      Faith    .   d - +0 buckler
rNeg    . . .      Spirit   .   m - +0 robe {Will+}
rPois   .          Reflect  .   (no helmet)
rElec   .          Harm     .   (no cloak)
rCorr   .          Rampage  .   (no gloves)
Will    +....                   (no boots)
Stlth   ++........              j - amulet of regeneration
HPRegen 0.92/turn               v - +6 ring of dexterity
MPRegen 0.11/turn               (no ring)

@: brilliant
A: hooves 1, large bone plates 1
a: no special abilities


You were on level 5 of the Dungeon.
You visited 1 branch of the dungeon, and saw 5 of its levels.

You collected 150 gold pieces.

Inventory:

Hand Weapons
 e - a +0 dagger of freezing (weapon)
Missiles
 p - 2 throwing nets
Armour
 d - a +0 buckler (worn)
 m - a +0 robe of willpower (worn)
Jewellery
 a - a ring of fire
 j - an amulet of regeneration (around neck)
 n - an amulet of reflection
 t - a ring of ice
 v - a +6 ring of dexterity (left hand)
Scrolls
 b - 4 scrolls of identify {unknown}
 g - a scroll of noise {unknown}
 h - a scroll of amnesia {unknown}
 k - 2 scrolls of immolation {unknown}
 l - a scroll of fear {unknown}
 q - a scroll of fog {unknown}
 r - 2 scrolls of teleportation {unknown}
 w - a scroll of enchant armour {unknown}
Potions
 c - 3 potions of degeneration
 f - a potion of curing {unknown}
 o - a potion of mutation {unknown}
 s - a potion of might {unknown}
 u - a potion of ambrosia {unknown}


   Skills:
 + Level 0.5 Fighting
 + Level 0.7 Short Blades
 + Level 2.1 Dodging
 + Level 2.6 Stealth
 + Level 0.9 Shields
 + Level 2.6 Spellcasting
 + Level 1.5 Conjurations
 + Level 3.7 Fire Magic


You had 4 spell levels left.
You knew the following spells:

 Your Spells              Type           Power      Damage    Failure   Level
a - Foxfire               Conj/Fire      68%        2x1d7     8%          1
b - Scorch                Fire           46%        2d7       8%          2
c - Searing Ray           Conj           22%        2d5       19%         2

Your spell library contained the following spells:

 Spells                   Type           Power      Damage    Failure   Level
 Magic Dart               Conj           44%        1d5       12%         1
 Conjure Flame            Conj/Fire      17%        6-21      24%         3
 Inner Flame              Hex/Fire       13%        N/A       32%         3
 Flame Wave               Conj/Fire      17%        2d6       61%         4
 Fulminant Prism          Conj/Hex       3%         3d6       86%         4


Dungeon Overview and Level Annotations

Branches:
Dungeon (5/15)
 Temple: D:4-7

Altars:
Dithmenos

Shops:
D:2 =

Portals:
Ossuary: D:5

Annotations:
D:4 2 runed translucent doors, Ijyb; Pikel; SolCadguy's ghost, amateur TeAE


Innate Abilities, Weirdness & Mutations

You have large cloven feet.
You are partially covered in large bone plates. (SH +4)


Message History

The mummy hits you!!
Ouch! That really hurt!
You are too injured to fight recklessly!
You are too injured to fight recklessly!
You are too injured to fight recklessly!
You are too injured to fight recklessly!
It was a potion of degeneration.
There was something very wrong with that liquid.
You feel weakened.
You feel dopey.
You feel clumsy.
It was a potion of brilliance.
You feel clever all of a sudden. You block the mummy's attack.
You hit the mummy but do no damage. Your kick misses the mummy.
The mummy is heavily damaged.
You closely miss the mummy. Your kick misses the mummy.
The mummy is heavily damaged.
The mummy misses you.
You hit the mummy.
The mummy is severely damaged.
The mummy hits you.
You hit the mummy but do no damage. You kick the mummy.
The mummy is severely damaged.
You hit the mummy but do no damage. You kick the mummy.
The mummy is severely damaged.
The mummy barely misses you.
You hit the mummy but do no damage. Your kick misses the mummy.
The mummy is severely damaged.
The mummy is no longer more vulnerable to fire.
You hit the mummy but do no damage.
The mummy is severely damaged.
The mummy hits you!
You hit the mummy but do no damage. Your kick misses the mummy.
The mummy is severely damaged.
You hit the mummy but do no damage. Your kick misses the mummy.
The mummy is severely damaged.
The mummy closely misses you.
You hit the mummy. You kick the mummy, but do no damage.
The mummy is almost destroyed.
The mummy hits you!
You die...

...# ##^# ...###...
#......## #..# #.......#
#?........# #..###.#.....#
##......##..##...##..#...#
...............#...<.....#
##........###..###..##......
.........##..##∩##..##...##
#.......#..###M###..# #...
#.........#...@...#..> ..
###........###.....###... .
..........## ##...## #...
##......###+###.###+###..
#.....................
#.......####......#...
######### ########


You could see a mummy.

Vanquished Creatures
  An orc priest (D:3)
  3 gnolls (D:3)
  2 adders (D:2)
  A worm (D:3)
  4 orcs
  4 endoplasms
  2 giant cockroaches
  8 goblins
  5 hobgoblins
  A quokka (D:1)
  11 ball pythons
  4 bats
  2 frilled lizards
  7 kobolds
  3 rats
58 creatures vanquished.

Vanquished Creatures (others)
  107 foxfires
107 creatures vanquished.

Grand Total: 165 creatures vanquished

Notes
Turn   | Place    | Note
-------+----------+-------------------------------------------
     0 | D:1      | DemonSlayer the Demonspawn Fire Elementalist began the
                  | quest for the Orb.
     0 | D:1      | Reached XP level 1. HP: 13/13 MP: 3/3
   225 | D:1      | Reached skill level 3 in Fire Magic
   244 | D:1      | Gained mutation: You are partially covered in large bone
                  | plates. (SH +4) [demonic ancestry]
   244 | D:1      | Reached XP level 2. HP: 15/19 MP: 1/5
   559 | D:1      | Found a faded altar of an unknown god.
  1428 | D:1      | Learned a level 2 spell: Scorch
  1431 | D:1      | Learned a level 2 spell: Searing Ray
  1494 | D:2      | Reached XP level 3. HP: 18/24 MP: 0/6
  1764 | D:2      | Found Kemiro's Jewellery Boutique.
  2192 | D:3      | Reached XP level 4. HP: 30/30 MP: 4/7
  2986 | D:4      | Noticed a phantom
  3060 | D:4      | Found a runed translucent door.
  3061 | D:4      | Noticed SolCadguy's ghost (amateur TeAE)
  3079 | D:4      | Gained mutation: You have large cloven feet. [demonic
                  | ancestry]
  3079 | D:4      | Reached XP level 5. HP: 36/36 MP: 1/8
  3177 | D:4      | Found a runed translucent door.
  3220 | D:4      | Found a shadowy altar of Dithmenos.
  3356 | D:4      | Noticed Ijyb
  3358 | D:4      | Noticed Pikel
  3358 | D:4      | Noticed a lemure
  3358 | D:4      | Noticed a lemure
  3549 | D:5      | Entered Level 5 of the Dungeon
  3579 | D:5      | Found a sand-covered staircase.
  3593 | D:5      | Slain by a mummy

Illustrated notes

Levels and vault maps discovered:
D:1:      ncdulo_wetmaze, layout_loops_ring,
          shapermc_ecumenical_altar_notcrosses, minivault_4,
          kennysheep_nondescript, dk_noncrumbling_4, dk_noncrumbling_3,
          minmay_octomino_e4
D:2:      layout_basic, serial_shops, shop
D:3:      layout_loops_ring
D:4:      layout_rooms, mainiacjoe_overflow_alcove_1, ebering_ghost_sewer_f,
          nrook_campfire, uniq_ijyb, uniq_crazy_yiuf_cottage, uniq_pikel
D:5:      layout_rooms, serial_shops, shop, nicolae_ossuary_entry_giza

Skill      XL: |  1  2  3 |
---------------+----------+-----
Fire Magic     | 3 |  3.7
Stealth        | 2 |  2.6
Dodging        | 2 |  2.1
Fighting       | |  0.5
Short Blades   | |  0.7
Shields        | |  0.9
Spellcasting   | |  2.6
Conjurations   | |  1.5

Action                   |  1- 3 |  4- 6 || total
-------------------------+-------+-------++-------
Melee: Dagger            |    68 |    21 ||    89
       Kick              |       |     3 ||     3
 Cast: Foxfire           |    60 |     8 ||    68
       Scorch            |     1 |    17 ||    18
  Use: Potion            |       |     2 ||     2
 Stab: Sleeping          |     4 |     4 ||     8
Armor: Robe              |    16 |     3 ||    19
Dodge: Dodged            |    37 |    11 ||    48
Block: Buckler           |    32 |     3 ||    35
